 Dungeon Crawl Stone Soup version 0.30.0-29-ga12c61a403 (webtiles) character file.

Game seed: 2672190297337776854

11066 PoweredByGinger the Cleaver (level 11, -1/74 HPs)
             Began as a Gargoyle Gladiator on June 9, 2023.
             Was a Priest of Okawaru.
             Slain by Sonja
             ... wielding a +0 dagger of distortion
              (4 damage)
             ... on level 2 of the Lair of Beasts.
             The game lasted 00:16:04 (12284 turns).

PoweredByGinger the Cleaver (Gargoyle Gladiator)   Turns: 12284, Time: 00:16:07

Health: -1/74      AC: 31    Str: 23    XL:     11   Next: 71%
Magic:  20/20      EV: 10    Int: 11    God:    Okawaru [***...]
Gold:   632        SH:  0    Dex: 17    Spells: 10/10 levels left

rFire   + . .        n - +0 broad axe
rCold   . . .        (no shield)
rNeg    + . .        j - +7 chain mail of Ackybare {rF+ Int+3}
rPois   ∞            c - +0 helmet
rElec   +            (no cloak)
rCorr   .            (no gloves)
SInv    .            L - +0 pair of boots
Will    .....        (no amulet) Stlth
                     G - +4 ring of protection
HPRegen 0.32/turn    O - ring of Doinien {MP+9 Dex+6}
MPRegen 0.17/turn

%: no passive effects
@: no status effects
A: sickness immunity, AC +8, negative energy resistance 1, electricity
resistance, torment resistance 1, petrification resistance
a: Renounce Religion, Heroism


You were on level 2 of the Lair of Beasts.
You worshipped Okawaru.
Okawaru was most pleased with you.
You visited 3 branches of the dungeon, and saw 12 of its levels.
You also visited: Ossuary.

You collected 632 gold pieces.

Inventory:

Hand Weapons
 a - a +0 war axe
 b - a +0 mace
 n - a +0 broad axe (weapon)
 q - a +0 heavy hand axe
Missiles
 e - 8 javelins (quivered)
 l - 34 poisoned darts
 y - 6 atropa-tipped darts
Armour
 c - a +0 helmet (worn)
 j - the +7 chain mail of Ackybare (worn) {rF+ Int+3}
   (You found it on level 1 of the Lair of Beasts)

   Int:       It affects your intelligence (+3).
   rF:        It protects you from fire.
 v - the +5 scale mail of Sophism {rC++ Dex+3}
   (You found it on level 2 of the Dungeon)

   Dex:       It affects your dexterity (+3).
   rC:        It greatly protects you from cold.
 L - a +0 pair of boots (worn)
Jewellery
 d - a ring of ice
 f - a ring of flight
 m - a ring of protection from cold
 C - a ring of positive energy
 G - a +4 ring of protection (left hand)
 O - the ring of Doinien (right hand) {MP+9 Dex+6}
   (You found it on level 2 of the Lair of Beasts)

   [ring of dexterity]

   Dex:       It affects your dexterity (+6).
   MP:        It affects your magic capacity (+9).
Wands
 o - a wand of flame (9)
 E - a wand of light (8)
 M - a wand of digging (3)
Scrolls
 h - 7 scrolls of teleportation
 k - 2 scrolls of vulnerability
 p - a scroll of torment {unknown}
 r - 3 scrolls of immolation
 u - 4 scrolls of blinking
 x - 2 scrolls of poison {unknown}
 A - a scroll of enchant armour {unknown}
 D - a scroll of silence
 I - a scroll of noise {unknown}
 J - a scroll of enchant weapon {unknown}
 N - a scroll of amnesia {unknown}
Potions
 g - 10 potions of curing
 i - 4 potions of haste
 s - 3 potions of attraction
 t - a potion of ambrosia {unknown}
 w - 2 potions of brilliance
 z - 2 potions of lignification {unknown}
 B - a potion of invisibility {unknown}
 F - 2 potions of cancellation {unknown}
 H - a potion of magic {unknown}
 K - 2 potions of berserk rage {unknown}
 P - a potion of heal wounds {unknown}


   Skills:
 + Level 11.1 Fighting
 + Level 12.9 Axes
 - Level 1.7 Throwing
 * Level 5.0 Armour
 * Level 4.6 Dodging


You had 10 spell levels left.
You didn't know any spells.
Your spell library contained the following spells:

 Spells                   Type           Power      Damage    Failure   Level
 Apportation              Tloc           0%         N/A       89%         1
 Necrotise                Necr           0%         1d4       89%         1
 Ensorcelled Hibernation  Hex/Ice        0%         N/A       96%         2
 Passwall                 Tmut/Erth      0%         N/A       96%         2
 Static Discharge         Conj/Air       0%         2-2/arc   96%         2
 Stone Arrow              Conj/Erth      0%         3d7       99%         3
 Swiftness                Air            0%         N/A       99%         3
 Volatile Blastmotes      Fire/Tloc      0%         2d10      99%         3
 Airstrike                Air            0%         2d(0-16)  100%        4
 Anguish                  Hex/Necr       0%         N/A       100%        4
 Fulminant Prism          Conj/Hex       0%         3d5       100%        4
 Iskenderun's Mystic Bla  Conj/Tloc      0%         2d3       100%        4
 Sticky Flame             Conj/Fire      0%         2d3       100%        4
 Lee's Rapid Deconstruct  Erth           0%         3d4*      100%        5
 Lehudib's Crystal Spear  Conj/Erth      0%         10d2      100%        8
 Summon Small Mammal      Summ           Unusable   N/A       N/A         1
 Animate Armour           Summ/Erth      Unusable   N/A       N/A         4
 Summon Lightning Spire   Summ/Air       Unusable   N/A       N/A         4
 Summon Mana Viper        Hex/Summ       Unusable   N/A       N/A         5

Dungeon Overview and Level Annotations

Branches:
Dungeon (9/15)             Temple (1/1) D:7            Lair (2/5) D:9
Ossuary (visited)
  Swamp: Lair:2-3    Shoals: Lair:2-3     Snake: Lair:2-3    Spider: Lair:2-3
    Orc: D:9-12

Altars:
Ashenzari
Cheibriados
Dithmenos
Elyvilon
Fedhas
Gozag
Hepliaklqana
Kikubaaqudgha
Makhleb
Nemelex Xobeh
Okawaru
Qazlal
Ru
Sif Muna
Trog
Uskayaw
Vehumet
Wu Jian
Xom
Yredelemnul
Zin
The Shining One

Shops:
D:9 *

Annotations:
Lair:2 Gastronok, Sonja


Innate Abilities, Weirdness & Mutations

You are immune to sickness and miasma.
Your stone body is resilient. (AC +8)
You are immune to poison.
You resist negative energy. (rN+)
You are resistant to electric shocks. (rElec)
You are resistant to unholy torment.
You are immune to petrification.


Message History

The dream sheep is severely wounded.
The dream sheep closely misses you.
You slice the dream sheep!!
You kill the dream sheep!
Okawaru accepts your kill.
Your Armour skill increases to level 5!
No target in view!
No target in view!
Things that are here:
a dream sheep corpse; a dream sheep corpse Sonja, the Graceful Assassin comes into view.
She is wielding a +0 dagger of distortion and quivering curare-tipped darts.
Sonja shouts!
Sonja mumbles some strange words.
Sonja blinks!
Unknown command.
Unknown command.
You slash Sonja!
Sonja is heavily wounded.
Sonja hits you but does no damage. Space warps around you!
Sonja hits you but does no damage.
You blink.
Found a shortbow.
Sonja hits you but does no damage. Space warps horribly around you!!
Sonja hits you but does no damage.
You blink.
You miss Sonja.
Sonja is heavily wounded.
Sonja barely misses you. Sonja hits you but does no damage.
You blink.
Sonja barely misses you. Sonja closely misses you.
Sonja hits you but does no damage. Space warps around you.
You slash Sonja!
Sonja is almost dead.
Sonja hits you but does no damage. Space warps horribly around you!!
* * * LOW HITPOINT WARNING * * *
Sonja hits you but does no damage. Space warps around you.
* * * LOW HITPOINT WARNING * * *
Sonja closely misses you. x2; Sonja hits you but does no damage.
Space warps horribly around you!
* * * LOW HITPOINT WARNING * * *
Sonja hits you with a +0 dagger of distortion.
* * * LOW HITPOINT WARNING * * *
Space warps around you.
You die...

## ##...#. .#
####..## ##
#......#
.##.P..#
..##.##....)#
......P#
#...#.....#
.....###
##........
.....#
#.#.....#
....##
##......#
....##
#.......#
###...#
.....##.@.##
# ........#
#..K§#
#......
##...###
#......#
##.....#
.....P...
#....### ..#
#..
..#####..##
.## ..
#.......###
## .#
##........# #
##.#
#...#.#.##


You could see Sonja.

Vanquished Creatures
  A skyshark (Lair:2)
  2 torpor snails
  2 cane toads (Lair:1)
  A komodo dragon (Lair:1)
  A polar bear (Lair:2)
  A hornet (D:7)
  5 dream sheep
  17 yaks
  2 wyverns (D:9)
  A shadow (D:9)
  A steam dragon (D:8)
  2 basilisks
  11 water moccasins
  An ice beast (D:5)
  A sky beast (D:7)
  2 black bears (D:7)
  An orc warrior (D:4)
  6 wolves (Lair:1)
  An ogre (D:5)
  A centaur (D:7)
  3 elf zombies (Ossuary)
  2 kobold brigands
  Blork the orc (D:6)
  A bullfrog (Lair:1)
  4 scorpions
  5 wights (D:9)
  9 killer bees
  A centaur zombie (Ossuary)
  3 hounds
  A human zombie (Ossuary)
  2 jellies
  5 orc priests
  5 orc wizards
  A sleepcap (D:6)
  3 iguanas (D:5)
  3 mummies
  Robin (D:3)
  11 adders
  3 white imps
  An ufetubus (D:6)
  An adder zombie (Ossuary)
  2 worms (D:3)
  2 dart slugs (D:1)
  30 orcs
  10 bats
  7 endoplasms
  4 giant cockroaches
  13 goblins
  10 hobgoblins
  7 jackals (D:2)
  19 kobolds
  3 quokkas
  6 ball pythons
  6 frilled lizards
  A goblin zombie (Ossuary)
  12 hobgoblin zombies (Ossuary)
  A jackal zombie (Ossuary)
  6 kobold zombies (Ossuary)
  10 orc zombies (Ossuary)
  7 rats
  A rat zombie (Ossuary)
283 creatures vanquished.

Notes
Turn   | Place    | Note
-------+----------+-------------------------------------------
     0 | D:1      | PoweredByGinger the Gargoyle Gladiator began the quest for
                  | the Orb.
     0 | D:1      | Reached XP level 1. HP: 12/12 MP: 1/1
    93 | D:1      | Reached skill level 3 in Axes
   217 | D:1      | Reached XP level 2. HP: 18/18 MP: 2/2
   604 | D:2      | Reached XP level 3. HP: 15/22 MP: 3/3
   744 | D:2      | You fall into a shaft and drop 2 floors!
   868 | D:4      | Noticed an orc warrior
   885 | D:4      | Reached XP level 4. HP: 26/28 MP: 4/4
   940 | D:3      | Reached skill level 4 in Axes
   958 | D:3      | Identified the +0 ring mail "Fotapn" {Dex+2}
  1119 | D:3      | Noticed Robin
  1147 | D:3      | Killed Robin
  1148 | D:3      | Reached XP level 5. HP: 22/32 MP: 5/5
  1232 | D:3      | Found a basalt altar of Yredelemnul.
  1678 | D:3      | Reached skill level 5 in Axes
  1814 | D:3      | Reached XP level 6. HP: 35/38 MP: 6/6
  2085 | D:2      | Identified the +5 scale mail of Sophism {rC++ Dex+3}
  2779 | D:4      | Killed an orc warrior
  2780 | D:4      | Reached skill level 6 in Axes
  2780 | D:4      | Reached XP level 7. HP: 36/44 MP: 7/7
  3187 | D:5      | Entered Level 5 of the Dungeon
  3251 | D:5      | Reached skill level 5 in Fighting
  3839 | D:5      | Reached skill level 7 in Axes
  3952 | D:5      | Reached XP level 8. HP: 47/51 MP: 8/8
  4642 | D:6      | Noticed Blork the orc
  4652 | D:6      | Killed Blork the orc
  4723 | D:6      | Reached skill level 8 in Axes
  4996 | D:6      | Found a hazy altar of Hepliaklqana.
  5284 | D:7      | Found a glowing golden altar of the Shining One.
  5409 | D:7      | Found a white marble altar of Elyvilon.
  5425 | D:7      | Found a sand-covered staircase.
  5443 | Ossuary  | Entered an ossuary
  5772 | Ossuary  | Reached XP level 9. HP: 51/57 MP: 9/9
  5897 | D:7      | Found a staircase to the Ecumenical Temple.
  5906 | D:7      | Noticed a hornet
  5919 | D:7      | Killed a hornet
  5920 | D:7      | Reached skill level 9 in Axes
  6806 | D:8      | Reached skill level 10 in Axes
  6950 | D:8      | Got the Parchment of Malisons and Sparks
  7932 | D:9      | Reached XP level 10. HP: 31/65 MP: 10/10
  8012 | D:9      | Reached skill level 11 in Axes
  8450 | D:9      | Found a staircase to the Lair.
  9073 | D:9      | Found Qausati's Lightly-Used Armoury.
  9381 | Temple   | Entered the Ecumenical Temple
  9496 | Temple   | Became a worshipper of Warmaster Okawaru
  9592 | Lair:1   | Entered Level 1 of the Lair of Beasts
  9592 | Lair:1   | Noticed a cane toad
  9606 | D:9      | Reached skill level 10 in Fighting
  9636 | Lair:1   | Killed a cane toad
  9637 | Lair:1   | Reached skill level 12 in Axes
  9839 | Lair:1   | Noticed a cane toad
  9857 | Lair:1   | HP: 2/68 [cane toad (5)]
  9862 | Lair:1   | Killed a cane toad
  9862 | Lair:1   | Reached * piety under Okawaru
 10092 | Lair:1   | Found an ancient bone altar of Kikubaaqudgha.
 10135 | Lair:1   | Identified the +7 chain mail of Ackybare {rF+ Int+3}
 10282 | D:9      | Reached XP level 11. HP: 42/73 MP: 11/11
 10461 | Lair:1   | Reached skill level 1 in Armour
 10592 | Lair:1   | Reached ** piety under Okawaru
 11692 | Lair:2   | Identified the ring of Doinien {MP+9 Dex+6}
 11795 | Lair:2   | Noticed Gastronok
 12004 | Lair:2   | Noticed a skyshark
 12021 | Lair:2   | Killed a skyshark
 12103 | Lair:2   | Reached *** piety under Okawaru
 12197 | Lair:2   | Reached skill level 5 in Armour
 12279 | Lair:2   | Noticed Sonja
 12284 | Lair:2   | HP: 3/74 [Sonja/+0 dagger of distortion (4)]
 12284 | Lair:2   | Slain by Sonja

Illustrated notes

Levels and vault maps discovered:
D:1:      ldierk_walled_garden, layout_rooms, minivault_26, bh_walls_and_bars
D:2:      layout_rooms, st_stairs_6, minmay_indecisive_spiral
D:3:      minmay_razor_zed, layout_basic, mainiacjoe_overflow_boulevard,
          uniq_robin
D:4:      layout_cave_pods
D:5:      layout_basic, kennysheep_another_room
D:6:      layout_loops_corners, kennysheep_mini_moat, uniq_blork_the_orc
D:7:      layout_basic, mainiacjoe_overflow_cross_hatched,
          mainiacjoe_overflow_tiny_flanked, minmay_temple_entry_mist,
          enter_bailey_3, gup_ossuary_entry_pyramid, minmay_misc_feat_encased
D:8:      layout_loops_ring
D:9:      layout_gridville, minmay_lair_entry_grove, minmay_shop_damaged
Temple:   mainiacjoe_temple_coin_purse
Lair:1:   layout_cave_pods, basic_altar, serial_forest, infiniplex_forest_end_1,
          infiniplex_forest_clump_large, infiniplex_forest_end_3,
          infiniplex_forest_clump_C, infiniplex_forest_zigzag_2,
          infiniplex_forest_lined_2, infiniplex_forest_clump_small,
          infiniplex_forest_clump_double, beast_lair_carwin_7
Lair:2:   layout_layer_cave, basic_altar, minmay_lair_oklob_items,
          infiniplex_staircase_pool, uniq_gastronok, uniq_sonja

Skill      XL: |  1  2  3  4  5  6  7  8  9 10 11 |
---------------+----------------------------------+-----
Axes           | 3 4 5 6 7 8 10 12 | 12.9
Fighting       | 3 4 5 7 8 10 11 | 11.1
Armour         | 5 |  5.0
Dodging        | 4 |  4.6
Throwing       | |  1.7

Action                     |  1- 3 |  4- 6 |  7- 9 | 10-12 || total
---------------------------+-------+-------+-------+-------++-------
  Melee: War axe           |    80 |   109 |       |       ||   189
         Hand axe          |       |    82 |   385 |   288 ||   755
         Punch             |       |       |     2 |    10 ||    12
         Broad axe         |       |       |       |    75 ||    75
  Throw: Throwing net      |       |     1 |     3 |     2 ||     6
  Evoke: Wand              |       |       |       |     1 ||     1
    Use: Scroll            |       |       |     8 |     4 ||    12
         Potion            |       |       |       |     1 ||     1
   Stab: Sleeping          |     1 |       |       |       ||     1
         Held in net/web   |       |       |     1 |     1 ||     2
 Armour: Leather armour    |    44 |     4 |       |       ||    48
         Ring mail         |       |    90 |       |       ||    90
         Scale mail        |       |    46 |   285 |    89 ||   420
         Chain mail        |       |       |       |   158 ||   158
  Dodge: Dodged            |    79 |   136 |   233 |   165 ||   613
